 Dungeon Crawl Stone Soup version 0.26.1-2-gb8aa6d0cf2 (webtiles) character file.

Game seed: 5248162558013630024

25020 littlecub the Covert (level 12, -10/59 HPs)
             Began as a Spriggan Enchanter on Feb 15, 2021.
             Was the Champion of Dithmenos.
             Mangled by a death yak (29 damage)
             ... on level 3 of the Lair of Beasts.
             The game lasted 01:01:59 (21670 turns).

littlecub the Covert (Spriggan Enchanter)          Turns: 21670, Time: 01:01:59

Health: -10/59     AC:  3    Str:  8    XL:     12   Next: 85%
Magic:  24/24      EV: 27    Int: 22    God:    Dithmenos [******]
Gold:   508        SH:  5    Dex: 23    Spells: 8/26 levels left

rFire    . . .     SeeInvis +   o - +0 dagger (holy)
rCold    . . .     Faith    .   (shield restricted)
rNeg     . . .     Spirit   .   K - +1 robe "Damum" {+Inv Int+5 Stlth+}
rPois    .         Reflect  +   (helmet restricted)
rElec    .         Harm     .   I - scarf {shadows}
rCorr    .         Rampage  .   (gloves unavailable)
Will     ++...                  (boots unavailable) Stlth **++++++++
                                b - amulet of reflection
HPRegen  0.19/turn              g - +6 ring of dexterity
MPRegen  0.19/turn              Q - +4 ring of slaying

@: wreathed by umbra, very quick
A: very small, unfitting armour, see invisible, speed 3
a: Renounce Religion, Evoke Invisibility, Shadow Step, Shadow Form


You were on level 3 of the Lair of Beasts.
You worshipped Dithmenos.
Dithmenos was exalted by your worship.
You visited 2 branches of the dungeon, and saw 16 of its levels.

You collected 1052 gold pieces.
You spent 544 gold pieces at shops.

Inventory:

Hand Weapons
 o - a +0 dagger of holy wrath (weapon)
 r - the +5 quarterstaff of Tauv {venom, rC- MP+9 Str+3 Int+3}
   (You found it on level 4 of the Dungeon)

   It poisons the flesh of those it strikes.
   It affects your strength (+3).
   It affects your intelligence (+3).
   It makes you vulnerable to cold.
   It affects your magic capacity (+9).
Missiles
 e - 46 poisoned darts
 E - 3 atropa-tipped darts
 P - 5 curare-tipped darts
Armour
 I - a scarf of shadows (worn)
 K - the +1 robe "Damum" (worn) {+Inv Int+5 Stlth+}
   (You bought it in a shop on level 9 of the Dungeon)

   It affects your intelligence (+5).
   It lets you turn invisible.
   It makes you more stealthy.
 M - +0 acid dragon scales
Magical Staves
 F - an uncursed staff of earth
 J - an uncursed staff of fire
Jewellery
 b - an amulet of reflection (around neck)
 g - a +6 ring of dexterity (left hand)
 Q - a +4 ring of slaying (right hand)
 V - an uncursed ring of protection from cold
Wands
 m - a wand of polymorph (18)
 t - a wand of flame (29)
 z - a wand of disintegration (11)
 A - a wand of random effects (18)
 N - a wand of paralysis (18)
 S - a wand of digging (5)
 T - a wand of iceblast (17)
 U - a wand of enslavement (6)
Scrolls
 d - 3 scrolls of blinking
 h - 10 scrolls of remove curse
 j - 2 scrolls of magic mapping
 w - 5 scrolls of teleportation
 x - 6 scrolls of enchant weapon
 y - a scroll of brand weapon {unknown}
 C - a scroll of amnesia
 D - 4 scrolls of fear
 G - 2 scrolls of immolation
 L - a scroll of vulnerability
 O - a scroll of fog
Potions
 a - 7 potions of curing {unknown}
 c - 2 potions of flight {unknown}
 f - 7 potions of heal wounds {unknown}
 i - a potion of brilliance {unknown}
 k - a potion of cancellation {unknown}
 l - 8 potions of ambrosia
 n - 2 potions of lignification {unknown}
 q - 3 potions of mutation {unknown}
 s - 2 potions of berserk rage {unknown}
 u - 3 potions of magic {unknown}
 v - 2 potions of haste {unknown}
 B - a potion of degeneration {unknown}
 H - 2 potions of attraction {unknown}
 R - 2 potions of might {unknown}
Miscellaneous
 p - a condenser vane


   Skills:
 + Level 4.9 Fighting
 * Level 9.4 Short Blades
 + Level 9.1 Dodging
 * Level 13.4 Stealth
 + Level 7.8 Spellcasting
 * Level 10.7 Hexes
 * Level 5.6 Summonings
 - Level 6.0 Translocations
 * Level 6.4 Ice Magic
 + Level 5.9 Invocations


You had 8 spell levels left.
You knew the following spells:

 Your Spells              Type           Power        Failure   Level
a - Corona                Hex            30%          1%          1
b - Ensorcelled Hibernat  Hex/Ice        46%          1%          2
c - Confusing Touch       Hex            27%          1%          3
d - Tukima's Dance        Hex            27%          1%          3
e - Summon Ice Beast      Ice/Summ       17%          6%          4
f - Frozen Ramparts       Ice            36%          1%          3
q - Blink                 Tloc           N/A          1%          2

Your spell library contained the following spells:

 Spells                   Type           Power        Failure   Level
 Freeze                   Ice            72%          1%          1
 Summon Small Mammal      Summ           64%          1%          1
 Call Imp                 Summ           16%          1%          2
 Slow                     Hex            27%          1%          2
 Ozocubu's Armour         Ice            18%          1%          3
 Summon Guardian Golem    Hex/Summ       22%          1%          3
 Call Canine Familiar     Summ           16%          2%          3
 Dazzling Flash           Conj/Hex       32%          2%          3
 Animate Skeleton         Necr           8%           8%          1
 Beastly Appendage        Tmut           8%           8%          1
 Magic Dart               Conj           16%          8%          1
 Pain                     Necr           16%          8%          1
 Sandblast                Erth           8%           8%          1
 Passwall                 Tmut/Erth      3%           12%         2
 Poisonous Vapours        Pois/Air       8%           12%         2
 Wereblood                Tmut           4%           12%         2
 Hailstorm                Conj/Ice       11%          21%         4
 Ice Form                 Ice/Tmut       11%          21%         4
 Conjure Flame            Conj/Fire      4%           22%         3
 Mephitic Cloud           Conj/Pois/Air  4%           22%         3
 Spider Form              Tmut/Pois      2%           22%         3
 Stone Arrow              Conj/Erth      8%           22%         3
 Vampiric Draining        Necr           2%           22%         3
 Summon Lightning Spire   Summ/Air       10%          24%         4
 Animate Dead             Necr           2%           58%         4
 Petrify                  Tmut/Erth      4%           58%         4
 Agony                    Necr           4%           91%         5
 Blade Hands              Tmut           2%           91%         5
 Lee's Rapid Deconstruct  Erth           2%           91%         5
 Freezing Cloud           Conj/Ice/Air   4%           99%         6


Dungeon Overview and Level Annotations

Branches:
Dungeon (13/15)            Temple (0/1) D:4            Lair (3/6) D:9
    Orc (0/2) D:9
  Swamp: Lair:2-4    Shoals: Lair:2-4     Snake: Lair:2-4    Spider: Lair:2-4
 Vaults: D:13-14

Altars:
Cheibriados
Dithmenos
Elyvilon
Fedhas
Hepliaklqana
Makhleb
Sif Muna
Trog
Xom
Beogh

Shops:
D:8 *   D:9 [   D:10 [   D:11 *

Annotations:
D:12 1 runed translucent door, exclusion: orange crystal statue


Innate Abilities, Weirdness & Mutations

You are very small and have problems with some larger weapons.
You are too small for most types of armour.
You have supernaturally acute eyesight. (SInv)
You cover ground extremely quickly.


Message History

Your shadow hits the death yak but does no damage.
The death yak misses you. x2
You hit the death yak but do no damage. The death yak gores you!!
You emit a cloud of dark smoke.
There is a stone staircase leading up here.
You climb upwards.
There is a stone staircase leading down here.
You start resting.
Your hands stop glowing.
You start resting.
Magic restored.
You start resting.
HP restored.
Okay, then.
You climb downwards.
The death yak completely misses you. The death yak gores you!!
You emit a cloud of dark smoke.
The death yak closely misses you. The death yak misses you.
The death yak gores you!
There is a stone staircase leading up, spattered with blood here.
The death yak gores you!!
You die...

.......§§§.....##
(.....§§§§......##
.(....§§§§.......#
.....§§§§§.....P##
.....Y§§§.......###
.....§§§§........P#
...#.##§§......§§§#
..#.####.......§§Y###
..### #§#.......@§YY#
###################.#
####


PP#P.PPPP.P# ###PP#.#######.P### #P.PPPP#PPP##.#PPP#...#..#.....##
#.PPP.#PP#PP#PPP##.............. P#PPP#PP#P.PPPP# P#..............
P##P.P.......#P##P#.............. #.P.P..≈≈≈≈≈..P#PP#..............
##PP..≈≈≈≈≈≈≈..PPP#.............. You could see 2 death yaks.

Vanquished Creatures
  2 hydras (Lair:1)
  Erica (D:8)
  A two-headed ogre (D:11)
  Urug (D:11)
  Nergalle (D:10)
  Sonja (D:12)
  Pikel (D:4)
  An ugly thing (D:12)
  An oklob plant (Lair:3)
  A cyclops (D:11)
  A black mamba (Lair:1)
  A torpor snail (Lair:3)
  6 gargoyles
  3 cane toads (Lair:1)
  7 komodo dragons
  Grinder (D:4)
  Prince Ribbit (D:4)
  4 slime creatures (D:12)
  Sigmund (D:5)
  A wraith (D:10)
  18 yaks
  2 basilisks
  5 wyverns
  Menkaure (D:6)
  4 wargs
  Edmund (D:4)
  2 acid dragons
  Duvessa (D:3)
  4 water moccasins
  A hornet zombie (D:7)
  12 orc warriors
  2 ice beasts
  4 sky beasts
  2 phantoms (D:10)
  An eye of draining (D:9)
  6 ogres
  3 centaurs
  8 wolves (Lair:3)
  A big kobold (D:10)
  13 bullfrogs
  A wyvern zombie (D:11)
  A wyvern skeleton (D:7)
  Dowan (D:4)
  3 scorpions
  10 killer bees
  A water moccasin skeleton (D:8)
  A nameless horror (D:12)
  A howler monkey (D:5)
  18 wights
  6 electric eels
  A crimson imp (D:6)
  A quasit (D:7)
  6 hounds
  9 orc priests
  A centaur skeleton (D:8)
  9 orc wizards
  Terence (D:2)
  2 iguanas
  6 worker ants
  A killer bee zombie (D:6)
  A hound zombie (D:5)
  4 worker ant zombies
  19 adders
  10 gnolls
  3 shadow imps
  A white imp (D:7)
  5 ufetubi
  An ooze (D:6)
  2 worms (D:2)
  2 dart slugs
  6 leopard geckos
  51 orcs
  8 giant cockroaches
  5 goblins
  3 hobgoblins
  8 jackals
  4 quokkas
  2 ball pythons
  8 bats
  6 frilled lizards
  A jackal skeleton (D:6)
  14 kobolds
  A leopard gecko skeleton (D:7)
  A leopard gecko zombie (D:6)
  A quokka zombie (D:6)
  7 rats
382 creatures vanquished.

Vanquished Creatures (collateral kills)
  A yak (Lair:3)
  A wyvern (Lair:2)
  A wolf (Lair:3)
  2 wights
  A howler monkey skeleton (D:5)
  2 gnolls (D:6)
  2 orcs
10 creatures vanquished.

Vanquished Creatures (others)
  2 dancing weapons (D:6)
  11 fungi
  10 plants
23 creatures vanquished.

Grand Total: 415 creatures vanquished

Notes
Turn   | Place    | Note
-------+----------+-------------------------------------------
     0 | D:1      | littlecub the Spriggan Enchanter began the quest for the
                  | Orb.
     0 | D:1      | Reached XP level 1. HP: 9/9 MP: 5/5
   538 | D:1      | Reached XP level 2. HP: 13/13 MP: 6/6
   546 | D:1      | Learned a level 2 spell: Ensorcelled Hibernation
  1459 | D:1      | Reached XP level 3. HP: 13/16 MP: 5/8
  1609 | D:2      | Found a bloodstained altar of Trog.
  1641 | D:2      | Reached skill level 5 in Stealth
  1742 | D:2      | Found a shadowy altar of Dithmenos.
  1750 | D:2      | Became a worshipper of Dithmenos the Shadowed
  2449 | D:2      | Noticed Terence
  2578 | D:2      | Killed Terence
  2579 | D:2      | Reached XP level 4. HP: 21/21 MP: 0/9
  2585 | D:2      | Learned a level 3 spell: Confusing Touch
  2589 | D:2      | Learned a level 3 spell: Tukima's Dance
  3472 | D:2      | Reached XP level 5. HP: 22/25 MP: 4/11
  3855 | D:3      | Reached * piety under Dithmenos
  3856 | D:3      | Reached skill level 1 in Fighting
  4392 | D:3      | Reached skill level 1 in Invocations
  4922 | D:3      | Found a white marble altar of Elyvilon.
  5057 | D:3      | Reached skill level 6 in Stealth
  5057 | D:3      | Reached skill level 1 in Ice Magic
  5112 | D:4      | Noticed a lemure
  5112 | D:4      | Noticed a lemure
  5112 | D:4      | Noticed a lemure
  5112 | D:4      | Noticed a lemure
  5112 | D:4      | Noticed Duvessa
  5112 | D:4      | Noticed Dowan
  5113 | D:4      | Noticed Pikel
  5154 | D:4      | Reached XP level 6. HP: 30/30 MP: 12/12
  5171 | D:4      | Found a staircase to the Ecumenical Temple.
  5461 | D:4      | Noticed Edmund
  5520 | D:4      | Killed Edmund
  5521 | D:4      | Reached skill level 5 in Hexes
  5595 | D:4      | Found a hazy altar of Hepliaklqana.
  5629 | D:4      | Noticed Grinder
  6052 | D:4      | Reached XP level 7. HP: 33/33 MP: 10/13
  6123 | D:4      | Killed Grinder
  6124 | D:4      | Reached skill level 7 in Stealth
  6293 | D:4      | Got a blackened quarterstaff
  6294 | D:4      | Identified the +5 quarterstaff of Tauv {venom, rC- MP+9
                  | Str+3 Int+3} (You found it on level 4 of the Dungeon)
  6398 | D:4      | Killed Pikel
  6399 | D:4      | Reached skill level 8 in Stealth
  6399 | D:4      | Reached XP level 8. HP: 39/39 MP: 12/15
  6724 | D:4      | Killed Dowan
  6725 | D:4      | Reached skill level 5 in Dodging
  6842 | D:3      | Killed Duvessa
  7178 | D:5      | Entered Level 5 of the Dungeon
  7211 | D:5      | Noticed Prince Ribbit
  7282 | D:4      | Reached ** piety under Dithmenos
  7283 | D:4      | Reached skill level 5 in Short Blades
  7592 | D:4      | Killed Prince Ribbit
  7759 | D:5      | Reached skill level 9 in Stealth
  7792 | D:5      | Reached skill level 5 in Spellcasting
  7804 | D:5      | Reached XP level 9. HP: 35/43 MP: 2/17
  7915 | D:5      | Found a snail-covered altar of Cheibriados.
  7929 | D:5      | Learned a level 4 spell: Summon Ice Beast
  7942 | D:5      | Noticed Sigmund
  7950 | D:5      | Killed Sigmund
  8593 | D:6      | Learned a level 3 spell: Frozen Ramparts
  8655 | D:6      | Reached skill level 1 in Summonings
  8931 | D:6      | Found a shimmering altar of Xom.
  9222 | D:6      | Found a burning altar of Makhleb.
  9611 | D:6      | Found a shimmering blue altar of Sif Muna.
  9868 | D:6      | Noticed Menkaure
  9877 | D:6      | Killed Menkaure
  9962 | D:6      | Reached *** piety under Dithmenos
 10420 | D:7      | Reached skill level 10 in Stealth
 10490 | D:7      | Learned a level 2 spell: Blink
 10645 | D:7      | Reached skill level 1 in Translocations
 10645 | D:7      | Reached XP level 10. HP: 49/49 MP: 14/19
 11298 | D:8      | Noticed Erica
 11665 | D:8      | Found Onue's Assorted Antiques.
 11674 | D:8      | Bought a scroll of magic mapping for 94 gold pieces
 11674 | D:8      | Bought a scroll of identify for 54 gold pieces
 12479 | D:8      | Killed Erica
 12628 | D:9      | Reached **** piety under Dithmenos
 12910 | D:9      | Found a staircase to the Lair.
 13268 | D:9      | Found Puale's Armour Shop.
 13510 | D:9      | Found a staircase to the Orcish Mines.
 13515 | D:9      | Reached skill level 11 in Stealth
 13532 | D:9      | Reached ***** piety under Dithmenos
 13552 | D:9      | Found a roughly hewn altar of Beogh.
 13957 | D:9      | Noticed a gargoyle
 13969 | D:9      | Killed a gargoyle
 14037 | D:9      | Noticed a gargoyle
 14039 | D:9      | Killed a gargoyle
 14040 | D:9      | Reached XP level 11. HP: 53/53 MP: 21/21
 14058 | D:9      | Reached skill level 5 in Translocations
 14302 | D:10     | Entered Level 10 of the Dungeon
 14472 | D:10     | Noticed Nergalle
 14766 | D:9      | Bought the +1 robe "Damum" {+Inv Int+5 Stlth+} for 396 gold
                  | pieces
 15147 | D:10     | Killed Nergalle
 15283 | D:10     | Reached skill level 5 in Ice Magic
 15626 | D:10     | Found Cosib's Armour Shoppe.
 16302 | D:11     | Found Holloxt's Assorted Antiques.
 16582 | D:11     | Noticed a two-headed ogre
 16588 | D:11     | Killed a two-headed ogre
 16589 | D:11     | Reached skill level 12 in Stealth
 16589 | D:11     | Reached skill level 5 in Invocations
 16691 | D:11     | Noticed Urug
 16695 | D:11     | Killed Urug
 16831 | D:12     | Found a runed translucent door.
 16948 | D:12     | Noticed Sonja
 16950 | D:12     | Killed Sonja
 16951 | D:12     | Reached XP level 12. HP: 54/58 MP: 18/23
 17021 | D:12     | You fall into a shaft and drop 1 floor!
 17046 | D:13     | Noticed a tengu warrior
 17933 | Lair:1   | Entered Level 1 of the Lair of Beasts
 18194 | Lair:1   | Noticed a five-headed hydra
 18200 | Lair:1   | Killed a five-headed hydra
 18201 | Lair:1   | Reached skill level 10 in Hexes
 18373 | Lair:1   | Noticed a seven-headed hydra
 18382 | Lair:1   | Killed a seven-headed hydra
 18480 | Lair:1   | Reached skill level 5 in Summonings
 18879 | Lair:1   | You fall into a shaft and drop 1 floor!
 19147 | Lair:2   | Reached skill level 13 in Stealth
 19210 | Lair:2   | Got a brightly glowing robe
 19221 | Lair:2   | Identified the +1 robe "Onti" {Dex+2} (You found it on
                  | level 2 of the Lair of Beasts)
 19536 | Lair:2   | Reached ****** piety under Dithmenos
 19897 | Lair:3   | Found a blossoming altar of Fedhas.
 20780 | Lair:3   | Noticed a death yak
 20782 | Lair:3   | Noticed a death yak
 20783 | Lair:3   | Noticed a death yak
 21670 | Lair:3   | Mangled by a death yak

Illustrated notes

Levels and vault maps discovered:
D:1:      amcnicky_arrival_underground_garden, layout_loops_cross,
          minmay_misc_feat_nine_boxes
D:2:      layout_rooms, overflow_temple_1_default,
          grunt_dithmenos_smoke_and_mirrors, uniq_terence
D:3:      layout_loops_ring, minmay_misc_feat_tower, elyvilon_altar_3
D:4:      layout_basic, lemuel_doored_altar, minmay_temple_entry_mini_moons,
          grunt_ministairs_6, uniq_pikel, uniq_edmund, uniq_duvessa,
          uniq_grinder
D:5:      layout_rooms, lemuel_crystal_altar, uniq_sigmund, uniq_prince_ribbit1
D:6:      layout_basic, makhleb_grotto_becter, lemuel_crystal_altar,
          basic_altar, uniq_menkaure
D:7:      layout_cave_pods, serial_column_ruins, column_ruins_hut_pillars,
          column_ruins_square_medium, column_ruins_corridor_water,
          column_ruins_grid_1, column_ruins_grid_1, column_ruins_grid_2
D:8:      layout_loops_cross, serial_shops, nicolae_shop_overgrown_old_shop,
          uniq_erica
D:9:      cheibrodos_statue_roulette, layout_basic,
          grunt_lair_entry_orc_guard_hut, minmay_orc_entry_temple_small,
          serial_shops, shop
D:10:     layout_roguey, serial_shops, nicolae_shop_behind_doors, uniq_nergalle
D:11:     layout_loops_ring, serial_shops, shop, nooodl_orcs_dogs, uniq_urug
D:12:     layout_cave_pools, minmay_crystal_box, uniq_psyche, uniq_sonja
D:13:     gammafunk_worm_tunnel, layout_rooms
Lair:1:   layout_misc_corridors, grunt_megastairs_3
Lair:2:   layout_roguey
Lair:3:   layout_hall_layers, tgw_fedhas, lemuel_fruit_tree

Skill      XL: |  1  2  3  4  5  6  7  8  9 10 11 12 |
---------------+-------------------------------------+-----
Hexes          | 4 5 6 7 8 9 10 | 10.7
Spellcasting   | 3 4 5 6 7 |  7.8
Stealth        | 5 6 8 9 10 11 12 13 | 13.4
Short Blades   | 2 3 4 5 6 7 8 9 |  9.4
Fighting       | 1 2 3 4 |  4.9
Invocations    | 1 2 3 4 5 |  5.9
Ice Magic      | 1 2 3 4 5 6 |  6.4
Dodging        | 4 5 6 7 8 9 |  9.1
Summonings     | 2 3 4 5 |  5.6
Translocations | 1 4 6 |  6.0

Action                   |  1- 3 |  4- 6 |  7- 9 | 10-12 || total
-------------------------+-------+-------+-------+-------++-------
Melee: Dagger            |    95 |   113 |   233 |   428 ||   869
Throw: Dart              |       |       |    18 |     2 ||    20
 Cast: Corona            |     9 |     1 |       |       ||    10
       Ensorcelled Hiber |    47 |    80 |    78 |   130 ||   335
       Confusing Touch   |       |     3 |    27 |    33 ||    63
       Tukima's Dance    |       |     2 |    12 |    14 ||    28
       Frozen Ramparts   |       |       |     1 |     9 ||    10
       Summon Ice Beast  |       |       |       |    14 ||    14
       Blink             |       |       |       |     1 ||     1
Invok: Shadow Step       |       |       |       |     2 ||     2
Evoke: Wand              |       |       |       |     9 ||     9
  Use: Scroll            |       |     3 |     2 |    12 ||    17
 Stab: Sleeping          |    30 |    48 |    49 |   163 ||   290
       Confused          |       |     3 |    25 |    29 ||    57
       Distracted        |       |       |       |     4 ||     4
Armor: Robe              |    10 |     5 |     3 |     5 ||    23
Dodge: Dodged            |    93 |    86 |   156 |   312 ||   647
Block: Other             |       |       |       |    30 ||    30
